 Dungeon Crawl Stone Soup version 0.23-a0-639-ga9a3373 (webtiles) character file.

3460 staples the Cleaver (level 9, -2/78 HPs)
             Began as a White Draconian Berserker on Dec 30, 2018.
             Was an Elder of Trog.
             Succumbed to a queen ant's poison
             ... on level 8 of the Dungeon.
             The game lasted 00:30:20 (7159 turns).

staples the Cleaver (White Draconian Berserker)     Turns: 7159, Time: 00:30:21

Health: -2/78      AC: 11    Str: 23    XL:     9   Next: 78%
Magic:  9/9        EV: 15    Int:  7    God:    Trog [****..]
Gold:   359        SH:  0    Dex: 11    Spells: 8/8 levels left

rFire    + . .     SeeInvis .   J - +0 battleaxe
rCold    . . .     Gourm    .   (shield currently unavailable)
rNeg     . . .     Faith    .   (armour unavailable)
rPois    .         Spirit   .   (helmet restricted)
rElec    .         Reflect  .   A - +0 cloak
rCorr    .         Harm     .   c - +1 pair of gloves
MR       ++...                  j - +0 pair of boots
Stlth    ++........             (no amulet)
HPRegen  1.23/turn              h - ring of fire
MPRegen  0.11/turn              (no ring)

@: lethally poisoned (-2 -> -23), regenerating
A: breathe frost, unfitting armour, cold resistance 1, cold-blooded, AC +7
a: Breathe Frost, Berserk, Trog's Hand, Brothers in Arms, Renounce Religion


You were on level 8 of the Dungeon.
You worshipped Trog.
Trog was greatly pleased with you.
You were hungry.

You visited 2 branches of the dungeon, and saw 9 of its levels.

You collected 359 gold pieces.

Inventory:

Hand Weapons
 a - a +1 hand axe
 f - a +0 hunting sling
 i - a -2 short sword
 o - a +0 hunting sling
 p - a cursed -2 rapier
 t - a +0 war axe
 D - a +1 dagger of venom
 E - a +0 war axe
 F - a +0 shortbow
 J - a +0 battleaxe (weapon)
 M - a +0 halberd
Missiles
 e - 106 arrows
 k - 7 needles of confusion (quivered)
 I - 8 tomahawks
 K - a throwing net
 L - 8 curare-tipped needles
Armour
 c - a +1 pair of gloves (worn)
 j - a +0 pair of boots (worn)
 r - a +0 robe
 w - a +0 pair of gloves
 x - a +0 naga barding
 A - a +0 cloak (worn)
Jewellery
 h - a ring of fire (left hand)
 P - an uncursed ring of protection from magic
Wands
 u - a wand of flame (19)
 v - a wand of paralysis (9)
 y - a wand of iceblast (12)
 B - a wand of polymorph (6)
 G - a wand of random effects (40)
 R - a wand of enslavement (4)
Scrolls
 n - a scroll of fog
 q - 4 scrolls of teleportation
 s - a scroll of remove curse
 H - a scroll of enchant armour
Potions
 b - a potion of heal wounds
 d - 2 potions of flight
 g - 2 potions of haste
 l - 5 potions of degeneration
 m - a potion of might
 C - a potion of mutation {unknown}
 O - a potion of experience {unknown}
 Q - a potion of resistance {unknown}
Comestibles
 N - 3 chunks of flesh


   Skills:
 + Level 6.8 Fighting
 + Level 10.8 Axes
 + Level 6.4 Dodging
 + Level 3.7 Stealth


You had 8 spell levels left.
You didn't know any spells.
Your spell library contained the following spells:

 Spells                   Type           Power        Failure   Level  Hunger
 Confusing Touch          Hex            #.....       43%         1    ##.....
 Confuse                  Hex            #.......     80%         3    ####...
 Gell's Gravitas          Tloc           #.........   80%         3    ####...
 Petrify                  Tmut/Erth      #.......     99%         4    #####..
 Metabolic Englaciation   Hex/Ice        #.........   100%        5    ######.
 Yara's Violent Unravell  Hex/Tmut       #.........   100%        5    ######.


Dungeon Overview and Level Annotations

Branches:
Dungeon (8/15)             Temple (1/1) D:7
   Lair: D:8-11

Altars:
Cheibriados
Elyvilon
Kikubaaqudgha
Nemelex Xobeh
Qazlal
Ru
Sif Muna
Trog
Uskayaw
Vehumet
Yredelemnul
Zin
The Shining One


Innate Abilities, Weirdness & Mutations

You can breathe waves of freezing cold.
You can buffet flying creatures when you breathe cold.
Your icy white scales are hard. (AC +7)
You cannot fit into any form of body armour.
Your flesh is cold resistant. (rC+)
You are cold-blooded and may be slowed by cold attacks.


Message History

The ogre is almost dead.
You slash the queen ant! The queen ant barely misses you. The ogre misses you.
You hit the ogre.
The ogre is almost dead.
You hit the queen ant but do no damage. The queen ant misses you.
The ogre completely misses you. The queen ant stings you!
You are lethally poisoned!
The queen ant poisons you!
You closely miss the ogre.
The ogre is almost dead.
You completely miss the queen ant.
You feel very sick. The queen ant closely misses you.
The ogre hits you with a +0 giant club!!
* * * LOW HITPOINT WARNING * * *
You hear a screech!
Your skin crawls.
You feel resistant to hostile enchantments.
You feel somewhat more hungry.
You die...

#.#..#.# #.... #.##.#.#
#.... #.##.#.# #####
#......# ### #####.###
.. #.......## #.
#........######
.#####.###..##.#........
......O@a.........######
..<.##.###††#.##.†.### .
#. #....).)[...#
.........#†##.####.#
###.###.#.#.##.# .# #.
#.##...#.... a .. ..#
###.#.#.. #. #.#. #.#.
.# .. # ..##.# .#


You could see a queen ant and an ogre.

Vanquished Creatures
  Harold (D:7)
  Pikel (D:4)
  A hippogriff (D:8)
  3 soldier ants (D:8)
  2 orc warriors
  2 ice beasts
  3 centaurs
  A bullfrog (D:5)
  A scorpion (D:6)
  A bullfrog zombie (D:8)
  2 crimson imps (D:7)
  A jelly (D:8)
  An orc priest (D:6)
  2 hounds
  2 iguanas
  8 orc wizards
  15 worker ants
  A killer bee zombie (D:6)
  2 adders
  3 gnolls (D:7)
  A shadow imp (D:5)
  2 oozes
  An adder zombie (D:6)
  2 adder skeletons
  A worm (D:3)
  2 dart slugs
  6 leopard geckos
  19 orcs
  7 bats
  8 giant cockroaches
  4 goblins
  3 hobgoblins
  9 jackals
  3 quokkas
  A ball python (D:1)
  A frilled lizard (D:2)
  12 kobolds
  2 leopard gecko zombies
  6 rats
143 creatures vanquished.

Notes
Turn   | Place    | Note
-------+----------+-------------------------------------------
     0 | D:1      | staples the Draconian Berserker began the quest for the
                  | Orb.
     0 | D:1      | Reached XP level 1. HP: 19/19 MP: 1/1
   220 | D:1      | Reached XP level 2. HP: 26/26 MP: 2/2
   814 | D:1      | Reached XP level 3. HP: 20/33 MP: 3/3
  1135 | D:1      | Reached ** piety under Trog
  1904 | D:2      | Reached XP level 4. HP: 39/40 MP: 4/4
  1983 | D:2      | Found a snail-covered altar of Cheibriados.
  2228 | D:3      | Reached skill level 4 in Axes
  2771 | D:3      | Found a radiant altar of Vehumet.
  3103 | D:4      | Reached XP level 5. HP: 46/46 MP: 5/5
  3113 | D:4      | Reached skill level 1 in Stealth
  3263 | D:4      | Noticed a phantom
  3341 | D:4      | Found a sacrificial altar of Ru.
  3482 | D:4      | Reached skill level 5 in Axes
  3482 | D:4      | Reached XP level 6. HP: 38/52 MP: 6/6
  3823 | D:4      | Noticed a slave
  3826 | D:4      | Noticed Pikel
  3826 | D:4      | Noticed a slave
  3837 | D:4      | Killed Pikel
  3837 | D:4      | Reached skill level 5 in Fighting
  3837 | D:4      | Reached skill level 6 in Axes
  3837 | D:4      | Your scales start taking on an icy white colour.
  3837 | D:4      | Reached XP level 7. HP: 61/61 MP: 7/7
  3837 | D:4      | Gained mutation: Your flesh is cold resistant. (rC+) [White
                  | Draconian growth]
  3859 | D:5      | Entered Level 5 of the Dungeon
  3900 | D:5      | Reached *** piety under Trog
  4211 | D:5      | Reached skill level 7 in Axes
  4585 | D:6      | Reached XP level 8. HP: 63/69 MP: 8/8
  4846 | D:6      | Reached skill level 5 in Dodging
  5090 | D:6      | Reached skill level 8 in Axes
  5585 | D:7      | Found a staircase to the Ecumenical Temple.
  5594 | Temple   | Entered the Ecumenical Temple
  5775 | D:7      | Noticed Harold
  5790 | D:7      | Killed Harold
  5790 | D:7      | Reached skill level 9 in Axes
  5790 | D:7      | Reached XP level 9. HP: 54/75 MP: 9/9
  6296 | D:7      | Reached **** piety under Trog
  6506 | D:8      | Noticed a queen ant
  6529 | D:8      | Reached skill level 10 in Axes
  7158 | D:8      | HP: 1/78 [ogre/+0 giant club (23)]
  7159 | D:8      | Succumbed to a queen ant's poison

Vault maps used:
D:1:      nzn_arrival_depleted_hourglass
D:2:      lemuel_doored_altar
D:3:      wander_river, lemuel_crystal_altar
D:4:      nicolae_ru_sacrificial_ziggurat, nemelex_lonely_heart_becter,
          uniq_pikel
D:5:      first_ration
D:7:      minmay_temple_entry_hall, uniq_harold
D:8:      xom_redecorated, grunt_pizzeria, minmay_another_anthill, uniq_joseph
Temple:   cyrus_temple_forest

Skill      XL: |  1  2  3  4  5  6  7  8  9 |
---------------+----------------------------+-----
Dodging        | 3 4 5 6 |  6.4
Axes           | 4 5 6 7 9 10 | 10.8
Fighting       | 4 5 6 |  6.8
Stealth        | 1 2 3 |  3.7

Action                   |  1- 3 |  4- 6 |  7- 9 || total
-------------------------+-------+-------+-------++-------
Melee: Hand axe          |   148 |    51 |       ||   199
       Tailslap          |    12 |    24 |    28 ||    64
       War axe           |       |    63 |   116 ||   179
       Battleaxe         |       |       |   106 ||   106
Invok: Berserk           |       |     3 |     7 ||    10
       Trog's Hand       |       |       |     1 ||     1
 Abil: Breathe Frost     |       |       |     1 ||     1
  Use: Scroll            |     9 |     5 |     7 ||    21
       Potion            |       |       |     1 ||     1
 Stab: Sleeping          |       |     1 |     3 ||     4
  Eat: Ration            |     1 |     3 |     3 ||     7
       Chunk             |       |       |     5 ||     5
Armor: Skin              |    72 |    29 |    71 ||   172
Dodge: Dodged            |   152 |    70 |   167 ||   389

Table legend:
 A = Non-vault XP
 B = Vault XP
 C = Vault XP percentage of total XP
 D = Non-vault monster count
 E = Vault monster count
 F = Vault count percentage of total count
                 A         B        C        D         E       F
            +---------+---------+-------+---------+---------+-------
      Total |    2410 |    2533 |  51.2 |     127 |      16 |  11.2
            +---------+---------+-------+---------+---------+-------
        D:1 |      55 |       0 |   0.0 |      28 |       0 |   0.0
        D:2 |      46 |       0 |   0.0 |      19 |       0 |   0.0
        D:3 |      71 |       0 |   0.0 |      13 |       0 |   0.0
        D:4 |     233 |     706 |  75.2 |      13 |       1 |   7.1
        D:5 |     232 |       0 |   0.0 |      14 |       0 |   0.0
        D:6 |     689 |       0 |   0.0 |      13 |       0 |   0.0
        D:7 |     647 |     997 |  60.6 |      17 |       1 |   5.6
        D:8 |     437 |     830 |  65.5 |      10 |      14 |  58.3
            +---------+---------+-------+---------+---------+-------
